[Event "FIDE-Online-Steinitz-Memorial-Women"]
[White "Khademalsharieh, Sarasadat"]
[Black "Lei, Tingjie"]
[Site "Internet"]
[Round "1.1"]
[Annotator "ChessBase"]
[Result "1/2-1/2"]
[Date "2020.05.15"]
[WhiteElo "2431"]
[BlackElo "2530"]
[PlyCount "128"]
[TimeControl "180+2"]

1. d4 Nf6 2. c4 g6 3. g3 c6 4. Bg2 d5 5. e3 Bg7 6. Ne2 0-0 7. 0-0 b6 8. b3 Bb7 9. a4 a5 10. Nbc3 e6 11. Ba3 Re8 12. cxd5 exd5 13. Rc1 Nbd7 14. Nf4 Bf8 15. Bxf8 Nxf8 16. Qd2 Qd6 17. Rfd1 Rad8 18. Nd3 N6d7 19. Qb2 Ba6 20. Nf4 Ne6 21. Nxe6 Qxe6 22. Ne2 Qd6 23. Nf4 Nf6 24. Nd3 Bxd3 25. Rxd3 Rc8 26. Rdc3 Ne4 27. R3c2 h5 28. Rb1 Qb4 29. Rbc1 Qd6 30. Rb1 Qb4 31. Qc1 Qd6 32. Qe1 Ra8 33. b4 axb4 34. Qxb4 Qxb4 35. Rxb4 c5 36. Rxb6 cxd4 37. Bxe4 Rxe4 38. exd4 Rxa4 39. Rd6 Raxd4 40. h4 Re1+ 41. Kg2 Rdd1 42. Rc7 Re6 43. Rd8+ Kg7 44. Rcd7 Re5 45. Rc7 Rd2 46. Rc3 Rf5 47. Rf3 Kf6 48. Rxf5+ Kxf5 49. Re8 f6 50. Kf3 g5 51. hxg5 fxg5 52. Rf8+ Kg6 53. Rg8+ Kf6 54. Rf8+ Kg7 55. Rf5 Kg6 56. Rf8 d4 57. Rd8 g4+ 58. Kg2 Kf5 59. Rd5+ Kg6 60. Kf1 d3 61. Ke1 Re2+ 62. Kf1 Rd2 63. Ke1 Re2+ 64. Kf1 Rd2 1/2-1/2

[Event "FIDE-Online-Steinitz-Memorial-Women"]
[White "Abdumalik, Zhansaya"]
[Black "Stefanova, Antoaneta"]
[Site "Internet"]
[Round "1.1"]
[Annotator "ChessBase"]
[Result "1/2-1/2"]
[Date "2020.05.15"]
[WhiteElo "2409"]
[BlackElo "2485"]
[PlyCount "128"]
[TimeControl "180+2"]

1. e4 e5 2. Nf3 Nc6 3. Bb5 a6 4. Ba4 g6 5. d4 b5 6. Bb3 exd4 7. Nxd4 Bb7 8. a4 Bg7 9. Nxc6 dxc6 10. Qe2 Qe7 11. 0-0 Nf6 12. Re1 Nd7 13. c3 0-0 14. Bf4 Nc5 15. Bc2 Rfe8 16. Nd2 Ne6 17. Be3 b4 18. cxb4 Qxb4 19. Rab1 a5 20. Qc4 Nd4 21. Qxb4 axb4 22. Bd1 c5 23. Rc1 b3 24. Rxc5 Rxa4 25. Rxc7 Rb4 26. Bxd4 Bxd4 27. Bxb3 Rf8 28. Rc4 Rxc4 29. Nxc4 Ba6 30. Nd6 Bxb2 31. f4 Bd4+ 32. Kh1 Kg7 33. e5 Bc5 34. Ra1 Bd3 35. Rd1 Be2 36. Re1 Bd3 37. h3 Rb8 38. Bd5 Rf8 39. Rd1 Be2 40. Rb1 h5 41. Rb7 Bxd6 42. exd6 Kf6 43. Kg1 Bd3 44. Kf2 Bf5 45. Ke3 Be6 46. Be4 Rd8 47. Rb6 Rc8 48. Kd4 Rc1 49. Bd3 Rd1 50. Ke3 Re1+ 51. Kd2 Rg1 52. Be4 Rf1 53. Bf3 Ra1 54. Rb7 Ra6 55. d7 Rd6+ 56. Ke3 Rxd7 57. Rxd7 Bxd7 58. g4 hxg4 59. hxg4 Kg7 60. g5 Be6 61. Ke4 Kf8 62. Ke5 Ke7 63. Be4 Bh3 64. Bd5 Bf5 1/2-1/2

[Event "FIDE-Online-Steinitz-Memorial-Women"]
[White "Stefanova, Antoaneta"]
[Black "Cori T., Deysi"]
[Site "Internet"]
[Round "2"]
[Annotator "ChessBase"]
[Result "1-0"]
[Date "2020.05.15"]
[WhiteElo "2485"]
[BlackElo "2391"]
[PlyCount "137"]
[TimeControl "180+2"]

1. d4 Nf6 2. Nf3 e6 3. e3 b6 4. Bd3 Bb7 5. 0-0 d5 6. c4 Nbd7 7. cxd5 exd5 8. Ne5 Bd6 9. f4 c5 10. Nc3 0-0 11. Qf3 Qe7 12. Bd2 Rac8 13. Be1 cxd4 14. exd4 Ne4 15. Nxe4 dxe4 16. Bxe4 Bxe4 17. Qxe4 Nf6 18. Qf3 Qe6 19. Bh4 Bxe5 20. dxe5 Nd5 21. Rae1 Rc4 22. f5 Qc6 23. Bg3 Nb4 24. Qxc6 Rxc6 25. a3 Nd3 26. Re2 Re8 27. Rd1 Nc5 28. h3 h5 29. b4 Na4 30. Rd7 a5 31. bxa5 bxa5 32. Ra7 Rc1+ 33. Kh2 Nc3 34. Re3 Nb5 35. Rxa5 Nd4 36. e6 fxe6 37. fxe6 Nxe6 38. Rxh5 Kf7 39. Rf5+ Kg6 40. Rfe5 Kf6 41. Bh4+ Kf7 42. a4 Rc4 43. R5e4 Rxe4 44. Rxe4 Ra8 45. Be1 Nc5 46. Rf4+ Ke6 47. a5 Nd3 48. Rf1 g6 49. Bd2 Ne5 50. Ra1 Ra6 51. Bc3 Nc4 52. g4 Kd5 53. Kg3 Ke4 54. h4 Ne3 55. Rb1 Kd3 56. Be1 Rf6 57. Bf2 Nxg4 58. Kxg4 Rxf2 59. Ra1 Rg2+ 60. Kf4 Rh2 61. Kg5 Rg2+ 62. Kf4 Rh2 63. Kg3 Rc2 64. a6 Rc8 65. a7 Ra8 66. Kg4 Kc3 67. Kg5 Kb2 68. Ra6 Kb3 69. Kxg6 1-0

[Event "FIDE-Online-Steinitz-Memorial-Women"]
[White "Abdumalik, Zhansaya"]
[Black "Sebag, Marie"]
[Site "Internet"]
[Round "3"]
[Annotator "ChessBase"]
[Result "0-1"]
[Date "2020.05.15"]
[WhiteElo "2409"]
[BlackElo "2482"]
[PlyCount "124"]
[TimeControl "180+2"]

1. e4 c5 2. Nf3 d6 3. d4 cxd4 4. Nxd4 Nf6 5. Nc3 a6 6. h3 e5 7. Nde2 h5 8. g3 Be7 9. Bg2 Nbd7 10. a4 b6 11. 0-0 Bb7 12. Bg5 Rc8 13. Qd2 0-0 14. Rad1 Qc7 15. Kh2 Rfe8 16. f4 b5 17. axb5 axb5 18. Nxb5 Qxc2 19. Nbc3 Qxd2 20. Rxd2 Rc4 21. fxe5 dxe5 22. Rf5 g6 23. Bxf6 Nxf6 24. Rxe5 Kf8 25. Nf4 Rb4 26. Nfd5 Nxd5 27. exd5 Bd6 28. Rxe8+ Kxe8 29. Ne4 Be5 30. h4 Kd8 31. Nc5 Bc8 32. b3 Bd6 33. Ne4 Be5 34. Rf2 Bf5 35. Re2 Rd4 36. Ng5 Rxh4+ 37. Kg1 Bxg3 38. Nxf7+ Kd7 39. Ne5+ Bxe5 40. Rxe5 Kd6 41. Re3 Rg4 42. Kf2 Rd4 43. Rc3 Rd2+ 44. Kg1 h4 45. b4 Rb2 46. Rc4 g5 47. Rc6+ Ke5 48. d6 Rxb4 49. Rc5+ Kf6 50. Rc7 Rd4 51. Rc6 Ke5 52. Rc5+ Kf4 53. Rd5 Rxd5 54. Bxd5 Ke5 55. Bf3 Kxd6 56. Kg2 Ke5 57. Kh2 Kf4 58. Bc6 g4 59. Bg2 g3+ 60. Kg1 h3 61. Bf1 Bg4 62. Kh1 Bf3+ 0-1

[Event "FIDE-Online-Steinitz-Memorial-Women"]
[White "Cori T., Deysi"]
[Black "Kosteniuk, Alexandra"]
[Site "Internet"]
[Round "3"]
[Annotator "ChessBase"]
[Result "0-1"]
[Date "2020.05.15"]
[WhiteElo "2391"]
[BlackElo "2521"]
[PlyCount "120"]
[TimeControl "180+2"]

1. d4 Nf6 2. c4 e6 3. Nf3 b6 4. g3 Bb7 5. Bg2 Be7 6. 0-0 0-0 7. Nc3 Ne4 8. Qc2 Nxc3 9. Qxc3 c5 10. dxc5 bxc5 11. Rd1 Qb6 12. Bg5 f6 13. Bf4 d5 14. cxd5 exd5 15. Nh4 Rd8 16. Nf5 Bf8 17. Rac1 Na6 18. h4 Nb4 19. Ra1 Qe6 20. Ne3 d4 21. Qc4 Qxc4 22. Nxc4 Bxg2 23. Kxg2 Nd5 24. Bd2 Rab8 25. Rac1 Re8 26. Kf1 Re6 27. b3 Rbe8 28. Re1 Ra6 29. a4 Rb8 30. Rb1 g6 31. e4 dxe3 32. Bxe3 Re6 33. Bd2 Rxe1+ 34. Bxe1 Kf7 35. Rd1 Ke6 36. Rd3 f5 37. f3 Nb6 38. Na5 Rc8 39. Bf2 c4 40. bxc4 Nxc4 41. Nxc4 Rxc4 42. Bxa7 Rxa4 43. Be3 Ra2 44. Rb3 Bd6 45. Bf2 h6 46. Rb6 Kd5 47. Rb5+ Ke6 48. Rb6 Kd5 49. Rb5+ Kc4 50. Rb6 Rxf2+ 51. Kxf2 Bc5+ 52. Ke2 Bxb6 53. g4 Kd5 54. h5 g5 55. gxf5 Ke5 56. Kf1 Kxf5 57. Kg2 Kf4 58. Kh2 Kxf3 59. Kh3 g4+ 60. Kh4 Bd8# 0-1

[Event "FIDE-Online-Steinitz-Memorial-Women"]
[White "Kosteniuk, Alexandra"]
[Black "Paehtz, Elisabeth"]
[Site "Internet"]
[Round "4"]
[Annotator "ChessBase"]
[Result "1-0"]
[Date "2020.05.15"]
[WhiteElo "2521"]
[BlackElo "2396"]
[PlyCount "89"]
[TimeControl "180+2"]

1. e4 c5 2. c3 d5 3. exd5 Qxd5 4. d4 g6 5. Nf3 Bg7 6. Be2 cxd4 7. cxd4 Nf6 8. Nc3 Qd8 9. 0-0 0-0 10. h3 Nbd7 11. Ne5 Nb6 12. Bf3 Nfd5 13. a4 Nc7 14. a5 Nbd5 15. a6 e6 16. axb7 Bxb7 17. Ne4 Qe7 18. Re1 f6 19. Nd3 Bc6 20. Nec5 Qf7 21. Nf4 Rfe8 22. Bg4 Nxf4 23. Bxf4 f5 24. Bf3 Bxf3 25. Qxf3 Bxd4 26. Nb7 Qg7 27. Qc6 e5 28. Nd6 Rf8 29. Qc4+ Kh8 30. Bh6 Qxh6 31. Nf7+ Rxf7 32. Qxf7 Qg7 33. Qb3 Rf8 34. Rac1 Qf7 35. Qb7 Ne6 36. Qb5 Nf4 37. Rxe5 Qg7 38. Re8 h5 39. Rcc8 Rxe8 40. Rxe8+ Kh7 41. Qb4 Nd5 42. Qd6 Qb7 43. Rd8 Nf6 44. Qxd4 Kh6 45. Qxf6 1-0

[Event "FIDE-Online-Steinitz-Memorial-Women"]
[White "Sebag, Marie"]
[Black "Tan, Zhongyi"]
[Site "Internet"]
[Round "4"]
[Annotator "ChessBase"]
[Result "1-0"]
[Date "2020.05.15"]
[WhiteElo "2482"]
[BlackElo "2510"]
[PlyCount "73"]
[TimeControl "180+2"]

1. e4 e5 2. Nf3 Nc6 3. Bb5 Nf6 4. 0-0 Nxe4 5. Re1 Nd6 6. Nxe5 Be7 7. Bf1 Nxe5 8. Rxe5 0-0 9. d4 Bf6 10. Re1 Re8 11. c3 Rxe1 12. Qxe1 Ne8 13. Bf4 d5 14. Nd2 c6 15. Bd3 g6 16. Nf3 Ng7 17. Qe2 Bf5 18. Bxf5 Nxf5 19. Re1 Nd6 20. Ne5 Bg7 21. h3 Ne4 22. f3 Nd6 23. Nd3 Nf5 24. g4 Nh4 25. Bg3 Qf6 26. f4 g5 27. Bxh4 gxh4 28. Qe7 Qg6 29. f5 Qh6 30. Qxb7 Rf8 31. Qe7 Qd2 32. Qe3 Qc2 33. Qe2 Qa4 34. a3 Bf6 35. Qd2 Kh8 36. Nc5 Qa5 37. Nd7 1-0

[Event "FIDE-Online-Steinitz-Memorial-Women"]
[White "Lei, Tingjie"]
[Black "Stefanova, Antoaneta"]
[Site "Internet"]
[Round "5"]
[Annotator "ChessBase"]
[Result "1-0"]
[Date "2020.05.15"]
[WhiteElo "2530"]
[BlackElo "2485"]
[PlyCount "85"]
[TimeControl "180+2"]

1. e4 e5 2. Nf3 Nc6 3. Bb5 a6 4. Ba4 g6 5. c3 b5 6. Bc2 Bg7 7. a4 Rb8 8. 0-0 d6 9. Re1 Nge7 10. d4 exd4 11. Nxd4 0-0 12. Bg5 Bd7 13. axb5 axb5 14. Nxc6 Bxc6 15. e5 d5 16. Nd2 h6 17. Bh4 g5 18. Bg3 Bd7 19. Nb3 Bf5 20. Nc5 Qc8 21. Bxf5 Qxf5 22. e6 Rbc8 23. Ra7 Nc6 24. Ra6 Ne7 25. Ra7 Nc6 26. Rxc7 Rxc7 27. Bxc7 fxe6 28. Nxe6 Qxf2+ 29. Kh1 Rf7 30. Bg3 Qf5 31. Nxg7 Kxg7 32. h3 Ne7 33. Qd4+ Kh7 34. Qb6 Ng6 35. Qxb5 h5 36. Qe2 Kh6 37. Kg1 h4 38. Bd6 Qd7 39. Qe6 Qb7 40. b4 Kh7 41. Bc5 Nf4 42. Qg4 Kg6 43. Re5 1-0

[Event "FIDE-Online-Steinitz-Memorial-Women"]
[White "Abdumalik, Zhansaya"]
[Black "Khademalsharieh, Sarasadat"]
[Site "Internet"]
[Round "6"]
[Annotator "ChessBase"]
[Result "0-1"]
[Date "2020.05.15"]
[WhiteElo "2409"]
[BlackElo "2431"]
[PlyCount "102"]
[TimeControl "180+2"]

1. e4 e5 2. Nf3 Nc6 3. Bb5 a6 4. Ba4 Nf6 5. 0-0 b5 6. Bb3 Bc5 7. c3 d6 8. d4 Bb6 9. Be3 Bg4 10. Nbd2 exd4 11. cxd4 Nxd4 12. Bxd4 Bxd4 13. Bxf7+ Kxf7 14. Qb3+ d5 15. Nxd4 c5 16. Nc6 Qd6 17. exd5 c4 18. Qg3 Qxg3 19. hxg3 Rhe8 20. f4 Kg8 21. d6 Re6 22. Ne5 Rxd6 23. Ndf3 Bf5 24. a4 Rad8 25. axb5 axb5 26. Ra5 Ne4 27. Rxb5 Nxg3 28. Re1 Bd3 29. Kf2 Ne4+ 30. Ke3 Nf6 31. g3 c3 32. Rb7 c2 33. Ng5 Bf5 34. Ke2 Rd1 35. Rc7 R8d2+ 36. Kf1 Rxe1+ 37. Kxe1 Rd1+ 38. Ke2 c1=Q 39. Rxc1 Rxc1 40. Ngf3 Rc2+ 41. Ke3 Rxb2 42. Nd4 Bc8 43. f5 Ra2 44. g4 h6 45. Ndc6 Ra3+ 46. Kf4 Bb7 47. Ne7+ Kh7 48. N7g6 Nd5+ 49. Ke4 Ne7+ 50. Kf4 Nxg6+ 51. fxg6+ Kg8 0-1

[Event "FIDE-Online-Steinitz-Memorial-Women"]
[White "Paehtz, Elisabeth"]
[Black "Sebag, Marie"]
[Site "Internet"]
[Round "7"]
[Annotator "ChessBase"]
[Result "0-1"]
[Date "2020.05.16"]
[WhiteElo "2396"]
[BlackElo "2482"]
[PlyCount "206"]
[TimeControl "180+2"]

1. d4 d5 2. Bf4 Nf6 3. e3 c5 4. c3 Nc6 5. Nd2 e6 6. Ngf3 cxd4 7. exd4 Nh5 8. Be3 Bd6 9. Ne5 Nf6 10. f4 0-0 11. Bd3 Bd7 12. 0-0 Ne7 13. Qf3 Bc6 14. g4 Ng6 15. g5 Nd7 16. Qh3 f5 17. gxf6 Qxf6 18. Ndf3 Rfe8 19. Ng5 Ndf8 20. Bxg6 hxg6 21. Nef7 Qxf7 22. Nxf7 Kxf7 23. Bf2 Nd7 24. Bh4 Rh8 25. Qg3 Rh5 26. Bg5 Rah8 27. Rae1 Nf6 28. Bxf6 gxf6 29. Re2 Bb5 30. Rfe1 Bxe2 31. Rxe2 Rf5 32. Qe3 Re8 33. Rf2 b6 34. Qd3 Bxf4 35. Qb5 Be3 36. Qd7+ Re7 37. Qd8 Bxf2+ 38. Kg2 Be3 39. Qh8 Rh5 40. Qd8 Rg5+ 41. Kf3 Bc1 42. b3 Rh5 43. Kg2 Bf4 44. h3 Rg5+ 45. Kf3 Rf5 46. Kg2 Bg5 47. c4 dxc4 48. bxc4 Rf4 49. c5 bxc5 50. dxc5 Rc4 51. Qc8 Bf4 52. c6 Rc7 53. Qh8 R4xc6 54. Qh7+ Kf8 55. Qh8+ Ke7 56. Qg7+ Kd6 57. Qxf6 Be5 58. Qd8+ Rd7 59. Qf8+ Kd5 60. Qf3+ Kd6 61. Qf8+ Kc7 62. Qa8 Bd4 63. Kf3 Bb6 64. Qg8 Rd3+ 65. Kf4 Rc5 66. Qf7+ Rd7 67. Qxe6 Rd4+ 68. Kf3 Rc3+ 69. Ke2 Rdd3 70. Qe5+ Kb7 71. Qe4+ Ka6 72. Qa4+ Kb7 73. Qe4+ Kc7 74. Qe5+ Kd7 75. Qg7+ Kd8 76. Qf6+ Kc8 77. Qe6+ Kb8 78. Qe5+ Bc7 79. Qb5+ Kc8 80. Qe8+ Kb7 81. Qb5+ Ka8 82. Qe8+ Bd8 83. Qe4+ Kb8 84. Qe5+ Kc8 85. Qe6+ Kb7 86. Qe4+ Kc7 87. Qe5+ Kd7 88. Qg7+ Be7 89. Qxg6 Re3+ 90. Kd2 Rcd3+ 91. Kc2 Rxh3 92. Qf5+ Ke8 93. Qg6+ Kf8 94. Qf5+ Kg7 95. Qg4+ Kf7 96. Qf5+ Bf6 97. Qe4 Rc3+ 98. Kd2 Rh2+ 99. Kd1 Rcc2 100. Qd5+ Kg7 101. Qd7+ Kh6 102. Qf5 Rhd2+ 103. Ke1 Bh4+ 0-1

[Event "FIDE-Online-Steinitz-Memorial-Women"]
[White "Tan, Zhongyi"]
[Black "Cori T., Deysi"]
[Site "Internet"]
[Round "8"]
[Annotator "ChessBase"]
[Result "1-0"]
[Date "2020.05.16"]
[WhiteElo "2510"]
[BlackElo "2391"]
[PlyCount "145"]
[TimeControl "180+2"]

1. d4 Nf6 2. c4 e6 3. Nc3 Bb4 4. Qc2 d5 5. cxd5 Qxd5 6. e3 c5 7. Bd2 Bxc3 8. Bxc3 Nc6 9. Nf3 0-0 10. dxc5 Qxc5 11. Bd3 Nb4 12. Bxb4 Qxb4+ 13. Qd2 Nd5 14. Rc1 Rd8 15. Qxb4 Nxb4 16. Bb1 b6 17. Nd4 Ba6 18. a3 Nd3+ 19. Bxd3 Bxd3 20. Rc3 Ba6 21. f4 Rac8 22. Rxc8 Rxc8 23. Kd2 Bb7 24. Rg1 Bd5 25. g3 Kf8 26. Kd3 Ke7 27. e4 Bc4+ 28. Ke3 Ba6 29. Rd1 f6 30. Rd2 Rc1 31. Nb3 Rb1 32. Nd4 Re1+ 33. Kf3 Bb7 34. Re2 Rd1 35. Ke3 Ba6 36. Rc2 Re1+ 37. Kf3 Kd7 38. Rd2 Rf1+ 39. Ke3 Re1+ 40. Kf3 Rf1+ 41. Kg2 Rb1 42. e5 Bb7+ 43. Kf2 Ke7 44. exf6+ gxf6 45. Re2 Bd5 46. Nf5+ Kf7 47. Ne3 Be4 48. Nc4 Bd3 49. Rd2 Bxc4 50. Rd7+ Kg6 51. b4 Rb2+ 52. Ke3 Rb3+ 53. Kd4 Bd5 54. Rxa7 h5 55. Ra6 b5 56. Kc5 Bc4 57. a4 Ra3 58. Ra5 Be2 59. axb5 Rc3+ 60. Kd6 Bg4 61. b6 Rd3+ 62. Kc7 Bf3 63. b7 Bxb7 64. Kxb7 Rd2 65. b5 Rxh2 66. b6 Rb2 67. Kc7 h4 68. gxh4 Rb4 69. h5+ Kh6 70. b7 Rxb7+ 71. Kxb7 e5 72. fxe5 fxe5 73. Rxe5 1-0

[Event "FIDE-Online-Steinitz-Memorial-Women"]
[White "Paehtz, Elisabeth"]
[Black "Khademalsharieh, Sarasadat"]
[Site "Internet"]
[Round "9"]
[Annotator "ChessBase"]
[Result "0-1"]
[Date "2020.05.16"]
[WhiteElo "2396"]
[BlackElo "2431"]
[PlyCount "60"]
[TimeControl "180+2"]

1. d4 d5 2. Bf4 Nf6 3. e3 c5 4. c3 Nc6 5. Nd2 cxd4 6. exd4 Bf5 7. Ngf3 e6 8. Qb3 Bd6 9. Bg3 Bxg3 10. hxg3 Qe7 11. Bb5 0-0 12. Bxc6 bxc6 13. Qa4 c5 14. Qa3 Rfc8 15. Nb3 Ne4 16. 0-0 Qc7 17. Rfe1 c4 18. Nbd2 Nxd2 19. Nxd2 h6 20. Nf3 a5 21. Qa4 Rab8 22. Re2 Rb7 23. Ne5 Rcb8 24. Rd1 f6 25. g4 Bh7 26. Nc6 Qd7 27. Rde1 Re8 28. b3 Bd3 29. Rd2 cxb3 30. axb3 Bb5 0-1

[Event "FIDE-Online-Steinitz-Memorial-Women"]
[White "Abdumalik, Zhansaya"]
[Black "Kosteniuk, Alexandra"]
[Site "Internet"]
[Round "11"]
[Annotator "ChessBase"]
[Result "1-0"]
[Date "2020.05.16"]
[WhiteElo "2409"]
[BlackElo "2521"]
[PlyCount "83"]
[TimeControl "180+2"]

1. e4 c6 2. d4 d5 3. Nd2 dxe4 4. Nxe4 Nf6 5. Nxf6+ exf6 6. c3 Bd6 7. Bd3 0-0 8. Ne2 Re8 9. Qc2 h5 10. 0-0 h4 11. h3 Nd7 12. Be3 Nf8 13. c4 Be6 14. Rad1 Rc8 15. Nc3 Bb8 16. Rfe1 Qc7 17. f4 Ng6 18. d5 cxd5 19. cxd5 Bxd5 20. Bxg6 Bc6 21. Bh7+ Kh8 22. Bc1 g6 23. Bxg6 fxg6 24. Qxg6 Qg7 25. Rxe8+ Rxe8 26. Qxg7+ Kxg7 27. Kf2 Kf7 28. Rd3 Rg8 29. g3 hxg3+ 30. Rxg3 Rh8 31. Be3 Rh4 32. Ne2 Bd5 33. b3 Be6 34. Kg2 Bd5+ 35. Kf2 Be6 36. Kg2 Bd5+ 37. Kh2 Be6 38. Nd4 Bxf4 39. Bxf4 Rxf4 40. Rg7+ Ke8 41. Nxe6 Rf2+ 42. Rg2 1-0

[Event "FIDE-Online-Steinitz-Memorial-Women"]
[White "Cori T., Deysi"]
[Black "Stefanova, Antoaneta"]
[Site "Internet"]
[Round "11"]
[Annotator "ChessBase"]
[Result "0-1"]
[Date "2020.05.16"]
[WhiteElo "2391"]
[BlackElo "2485"]
[PlyCount "100"]
[TimeControl "180+2"]

1. d4 d5 2. c4 c6 3. e3 Nf6 4. Nc3 g6 5. Nf3 Bg7 6. b3 0-0 7. Bb2 b6 8. Bd3 Bb7 9. 0-0 Nbd7 10. Rc1 e6 11. Qe2 c5 12. cxd5 exd5 13. Rfd1 Qe7 14. Bb5 Rfd8 15. Na4 Rac8 16. h3 cxd4 17. Nxd4 Nc5 18. Nf3 h6 19. Nxc5 bxc5 20. Ba6 Ne4 21. Bxb7 Qxb7 22. Bxg7 Kxg7 23. Qb2+ Kh7 24. Qe5 Rc7 25. h4 Re7 26. Qf4 Kg7 27. Nh2 Qb6 28. Ng4 h5 29. Nh2 a5 30. Nf3 a4 31. bxa4 c4 32. Nd4 Ra8 33. f3 Nf6 34. Qg5 Kh7 35. Rb1 Qd6 36. Kh1 Rxa4 37. e4 Qe5 38. Nc6 Qxg5 39. hxg5 Rc7 40. exd5 Nxd5 41. Ne5 Nc3 42. Rd8 Nxb1 43. Nd7 Rxd7 44. Rxd7 c3 45. Rxf7+ Kg8 46. Rc7 Rxa2 47. Kh2 c2 48. f4 Nd2 49. f5 gxf5 50. g6 Nb3 0-1

[Event "FIDE-Online-Steinitz-Memorial-Women"]
[White "Kosteniuk, Alexandra"]
[Black "Cori T., Deysi"]
[Site "Internet"]
[Round "12"]
[Annotator "ChessBase"]
[Result "1-0"]
[Date "2020.05.16"]
[WhiteElo "2521"]
[BlackElo "2391"]
[PlyCount "53"]
[TimeControl "180+2"]

1. e4 d5 2. exd5 Qxd5 3. Nc3 Qd6 4. d4 Nf6 5. Nf3 a6 6. g3 Bg4 7. Bg2 Nc6 8. 0-0 0-0-0 9. h3 Bh5 10. Bf4 Qb4 11. a3 Qxb2 12. Qe1 Qxc2 13. Rc1 Qf5 14. d5 Nxd5 15. Nxd5 Rxd5 16. Rxc6 bxc6 17. Ne5 e6 18. Bxd5 cxd5 19. Qa5 Be2 20. Re1 g5 21. Rxe2 gxf4 22. Qxa6+ Kd8 23. Qc6 Ke7 24. Qd7+ Kf6 25. Qxf7+ Kg5 26. Nf3+ Kh6 27. Rxe6+ 1-0

[Event "FIDE-Online-Steinitz-Memorial-Women"]
[White "Sebag, Marie"]
[Black "Abdumalik, Zhansaya"]
[Site "Internet"]
[Round "12"]
[Annotator "ChessBase"]
[Result "0-1"]
[Date "2020.05.16"]
[WhiteElo "2482"]
[BlackElo "2409"]
[PlyCount "48"]
[TimeControl "180+2"]

1. e4 e5 2. Nf3 Nc6 3. Bb5 a6 4. Ba4 Nf6 5. 0-0 Be7 6. Re1 b5 7. Bb3 0-0 8. a4 Bb7 9. d3 d6 10. Nbd2 Nd7 11. c3 Nc5 12. Bc2 Nxa4 13. Bxa4 bxa4 14. Qxa4 Rb8 15. Nf1 f5 16. Ne3 fxe4 17. dxe4 Bf6 18. Qc4+ Kh8 19. Nd5 Qd7 20. h3 Bd8 21. Nd2 Ne7 22. Nxe7 Qxe7 23. Nf1 Qf7 24. Be3 Qxc4 0-1

[Event "FIDE-Online-Steinitz-Memorial-Women"]
[White "Khademalsharieh, Sarasadat"]
[Black "Abdumalik, Zhansaya"]
[Site "Internet"]
[Round "15"]
[Annotator "ChessBase"]
[Result "0-1"]
[Date "2020.05.17"]
[WhiteElo "2431"]
[BlackElo "2409"]
[PlyCount "74"]
[TimeControl "180+2"]

1. d4 Nf6 2. c4 g6 3. g3 Bg7 4. Bg2 c5 5. dxc5 Qa5+ 6. Nc3 Qxc5 7. Qa4 0-0 8. Be3 Qc7 9. Nf3 Nc6 10. 0-0 d6 11. Rac1 Bd7 12. Nd5 Qd8 13. Qb3 Rb8 14. h3 e6 15. Nxf6+ Qxf6 16. Rc2 h6 17. Rd1 e5 18. Rcd2 Be6 19. Qc2 Bf5 20. Qc1 Rfd8 21. b3 Rbc8 22. Qa3 Bf8 23. Qc1 b5 24. g4 Be6 25. g5 Qe7 26. gxh6 bxc4 27. bxc4 Na5 28. Ng5 Nxc4 29. h7+ Kh8 30. Nxe6 Nxd2 31. Qxd2 Qxe6 32. Bg5 f6 33. Bh6 Kxh7 34. Bxf8 Rxf8 35. Kh2 Rfd8 36. Bd5 Qf5 37. e3 Rc2 0-1

[Event "FIDE-Online-Steinitz-Memorial-Women"]
[White "Paehtz, Elisabeth"]
[Black "Cori T., Deysi"]
[Site "Internet"]
[Round "15"]
[Annotator "ChessBase"]
[Result "0-1"]
[Date "2020.05.17"]
[WhiteElo "2396"]
[BlackElo "2391"]
[PlyCount "82"]
[TimeControl "180+2"]

1. d4 Nf6 2. Nf3 e6 3. Bf4 b6 4. e3 Bb7 5. Bd3 c5 6. c3 Be7 7. Nbd2 0-0 8. h3 h6 9. 0-0 Nc6 10. Qe2 Rc8 11. Bh2 d6 12. a3 Re8 13. Rfe1 Bf8 14. e4 cxd4 15. cxd4 e5 16. d5 Nd4 17. Nxd4 exd4 18. Qd1 Nd7 19. Bf1 Qf6 20. Qa4 Nc5 21. Qxa7 Qd8 22. Nc4 b5 23. Na5 Re7 24. b4 Ra8 25. Nxb7 Rxb7 26. Qxa8 Qxa8 27. bxc5 dxc5 28. e5 c4 29. g3 d3 30. Bg2 Qa5 31. d6 Ra7 32. Bd5 d2 33. Re2 Qxa3 34. Rd1 c3 35. Be4 Qb3 36. Rdxd2 cxd2 37. Rxd2 Ra1+ 38. Kg2 Qc4 39. Bd3 Qd5+ 40. f3 Qxe5 41. g4 Qe3 0-1

[Event "FIDE-Online-Steinitz-Memorial-Women"]
[White "Kosteniuk, Alexandra"]
[Black "Tan, Zhongyi"]
[Site "Internet"]
[Round "16"]
[Annotator "RC"]
[Result "1-0"]
[Date "2020.05.17"]
[WhiteElo "2521"]
[BlackElo "2510"]
[PlyCount "87"]
[TimeControl "180+2"]

1. e4 e5 2. Nf3 Nc6 3. Bb5 Nf6 4. d4 exd4 5. 0-0 Be7 6. e5 Ne4 7. Re1 Nc5 8. c3 dxc3 9. Nxc3 0-0 10. Nd5 Ne6 11. Bd2 Bc5 12. Bc3 Ne7 13. Ne3 d5 14. exd6 Qxd6 15. Qc2 Qb6 16. Bd3 Ng6 17. Nc4 Qc6 18. Be4 Qb5 19. b3 Bb4 20. Bxb4 Qxb4 21. h4 Rd8 22. h5 Ngf8 23. Rad1 Bd7 24. a3 Qe7 25. Bxb7 Rab8 26. Be4 Qf6 27. Rd5 Nf4 28. Ra5 a6 29. g3 Nh3+ 30. Kg2 h6 31. Nce5 Ng5 32. Nxd7 Nxd7 33. Rf5 Qe7 34. Bd5 Qd6 35. Nxg5 hxg5 36. Bxf7+ Kh8 37. Rxg5 Qf6 38. Rf5 Qh6 39. Re6 Nf6 40. Bg6 Rd2 41. Qxc7 Rbd8 42. Rexf6 gxf6 43. Rxf6 Qg7 44. Rf7 1-0

[Event "FIDE-Online-Steinitz-Memorial-Women"]
[White "Stefanova, Antoaneta"]
[Black "Lagno, Kateryna"]
[Site "Internet"]
[Round "16"]
[Annotator "RC"]
[Result "0-1"]
[Date "2020.05.17"]
[WhiteElo "2485"]
[BlackElo "2608"]
[PlyCount "78"]
[TimeControl "180+2"]

1. d4 Nf6 2. Nf3 g6 3. g3 Bg7 4. Bg2 0-0 5. 0-0 d5 6. Bf4 Bf5 7. Qc1 Nbd7 8. c4 c6 9. h3 a5 10. Nbd2 Ne4 11. Rd1 a4 12. Nh4 Nxd2 13. Qxd2 Be6 14. cxd5 cxd5 15. Rac1 Qb6 16. Nf3 Nf6 17. Bc7 Qa6 18. Bf1 Ne4 19. Qb4 b6 20. Qxe7 Rfe8 21. Qb4 Bf8 22. Qxb6 Qxb6 23. Bxb6 Rab8 24. Bc5 Nxc5 25. dxc5 Rxb2 26. Nd4 Rxa2 27. e3 Rb2 28. Bb5 Ra8 29. c6 Bc8 30. c7 a3 31. Bc6 Ra5 32. Ra1 a2 33. Ne2 Bg7 34. Nd4 Rc5 35. Ba8 Bxh3 36. Nc6 Kf8 37. Na7 Rxc7 38. Nc6 Rc8 39. Nd4 Rxa8 0-1

[Event "FIDE-Online-Steinitz-Memorial-Women"]
[White "Sebag, Marie"]
[Black "Paehtz, Elisabeth"]
[Site "Internet"]
[Round "16"]
[Annotator "RC"]
[Result "1-0"]
[Date "2020.05.17"]
[WhiteElo "2482"]
[BlackElo "2396"]
[PlyCount "103"]
[TimeControl "180+2"]

1. e4 c5 2. Nf3 d6 3. Bb5+ Nd7 4. 0-0 a6 5. Bd3 Ngf6 6. c3 Ne5 7. Be2 Nxf3+ 8. Bxf3 g6 9. d4 Bg7 10. dxc5 dxc5 11. Qxd8+ Kxd8 12. Rd1+ Nd7 13. Be3 Kc7 14. Nd2 b6 15. a4 Bb7 16. Be2 Rhd8 17. f3 Ne5 18. a5 Nd3 19. axb6+ Kc6 20. Nc4 Ne5 21. Rxd8 Rxd8 22. Na5+ Kxb6 23. Nxb7 Kxb7 24. Bxa6+ Kc6 25. Be2 Nd3 26. Rd1 c4 27. Kf1 Rd6 28. Bxd3 cxd3 29. Ke1 f5 30. Kd2 fxe4 31. fxe4 Be5 32. g3 Kb5 33. b3 Rc6 34. Bd4 Bxd4 35. cxd4 Kb4 36. Kxd3 Rc3+ 37. Ke2 Rxb3 38. Rc1 Rb2+ 39. Ke3 Rxh2 40. Rc7 Rg2 41. Kf3 Rd2 42. d5 Rd3+ 43. Kf4 g5+ 44. Kxg5 Rxg3+ 45. Kf4 Rg7 46. d6 Rf7+ 47. Kg5 Rg7+ 48. Kh5 Rg6 49. dxe7 Re6 50. Kg5 Rxe4 51. Kf6 h5 52. Rc8 1-0

[Event "FIDE-Online-Steinitz-Memorial-Women"]
[White "Abdumalik, Zhansaya"]
[Black "Lei, Tingjie"]
[Site "Internet"]
[Round "16"]
[Annotator "RC"]
[Result "1/2-1/2"]
[Date "2020.05.17"]
[WhiteElo "2409"]
[BlackElo "2530"]
[PlyCount "130"]
[TimeControl "180+2"]

1. e4 c5 2. Nf3 d6 3. d4 cxd4 4. Nxd4 Nf6 5. Nc3 a6 6. g3 g6 7. Bg2 Bg7 8. 0-0 0-0 9. h3 Qc7 10. a4 Nc6 11. Nde2 b6 12. g4 Bb7 13. Ng3 Ne5 14. g5 Nfd7 15. Nd5 Qd8 16. Rb1 e6 17. Ne3 Nc5 18. f4 Nc6 19. c3 a5 20. Ng4 Ba6 21. Rf3 d5 22. e5 Ne4 23. Nf6+ Kh8 24. Be3 Ne7 25. h4 Nxg3 26. Rxg3 Bxf6 27. exf6 Nf5 28. Rh3 h5 29. Bd4 Qc7 30. Be5 Qc5+ 31. Kh1 Ne3 32. Qd4 Nxg2 33. Kxg2 Rfc8 34. Rd1 b5 35. axb5 Qxb5 36. Qf2 Rc4 37. Rhh1 Bb7 38. Bd4 Bc6 39. Rd2 Rb8 40. Re1 Ra4 41. Kg3 Ra2 42. Ree2 Qc4 43. Qe3 a4 44. Kh3 Ra1 45. Re1 Rxe1 46. Qxe1 Qa2 47. Qf2 Qc4 48. Qe1 Ra8 49. Kg3 a3 50. bxa3 Rxa3 51. Kh2 Bb5 52. Qc1 Ra2 53. Rxa2 Qxa2+ 54. Kh3 Bd3 55. Qe1 Be4 56. Qf2 Qb1 57. Qg1 Qd3+ 58. Kh2 Qe2+ 59. Qf2 Qd1 60. Qg1 Qf3 61. Qf2 Qh1+ 62. Kg3 Qc1 63. Kh2 Qd1 64. Kg3 Qg4+ 65. Kh2 Qd1 1/2-1/2